AoeStats
← 忧郁帅哥

Arabian Desert

510840967Analyzed
1v1 RM · 2h ago on Oct 2, 2026· 14m 55s· 2 players
Game mode
Random Map
Map size
Tiny (2 player)
Population
200
Speed
Normal
Resources
Standard
Victory
Conquest
Starting age
Dark Age
Ending age
Imperial Age
RankedLock teamsTeams togetherTeam positionsShared explorationLock speedFull tech treeHidden civsTurbo modeCheats
Victory
Defeat
🇦🇷 Jurchens · Argentina
1806
+15
🇨🇳 Saracens · China
1795
-15
忧郁帅哥
6:29 Loom
8:48 Feudal Age
9:18 Double-Bit Axe
14:34 Fletching
soy nuevo7583
6:40 Loom
8:49 Feudal Age
9:30 Man-at-Arms
11:26 Double-Bit Axe
14:09 Fletching
Connection lost

Rejoining the realm…

Still unreachable

The connection could not be restored.

Session expired

The server has moved on; the page needs a fresh start.